 Dungeon Crawl Stone Soup version 0.17.1-3-g152610e (webtiles) character file.

92 Stendarr the Magician (level 4, 0/39 HPs)
             Began as a Troll Fire Elementalist on Apr 17, 2016.
             Slain by an iguana (8 damage)
             ... on level 2 of the Dungeon.
             The game lasted 00:02:56 (1310 turns).

Stendarr the Magician (Troll Fire Elementalist)     Turns: 1310, Time: 00:02:56

Health: 0/39       AC:  6    Str: 16    XL:     4   Next: 35%
Magic:  5/6        EV:  9    Int: 12    God:
Gold:   187        SH:  0    Dex: 10    Spells: 1 memorised, 6 levels left

rFire  . . .     SeeInvis .     k - +1 hand axe (drain)
rCold  . . .     Clarity  .     a - +0 robe
rNeg   . . .     SustAt   .     (no shield)
rPois  +         Gourm    +     (helmet restricted)
rElec  .         Spirit   .     l - +0 cloak
rCorr  .         Warding  .     (gloves unavailable)
rMut   .         Stasis   .     (boots unavailable)
MR     .....                    (no amulet)
Stlth  +.........               (no ring)
                                t - ring of poison resistance

@: very slightly contaminated, not resistant to hostile enchantments, very
unstealthy
A: unfitting armour, claws 3, fast metabolism 3, gourmand, regeneration 2,
shaggy fur 1, tough skin 2
a: no special abilities


You were on level 2 of the Dungeon.
You were completely stuffed.

You visited 1 branch of the dungeon, and saw 2 of its levels.

You collected 187 gold pieces.

Inventory:

Hand Weapons
 k - a +1 hand axe of draining (weapon)
Missiles
 p - 4 curare-tipped needles
Armour
 a - a +0 robe (worn)
 l - a +0 cloak (worn)
Jewellery
 t - a ring of poison resistance (left claw)
Scrolls
 d - a scroll of fog {unknown}
 e - a scroll of fear {unknown}
 g - 3 scrolls of amnesia {unknown}
 o - a scroll of identify {unknown}
 r - a scroll of teleportation {unknown}
Potions
 f - a potion of curing {unknown}
 h - a potion of cancellation {unknown}
 j - a potion of magic {unknown}
 m - a potion of mutation {unknown}
 q - a potion of invisibility {unknown}
 s - a potion of lignification {unknown}
Books
 b - a book of Flames

   Spells                             Type                      Level
   a - Flame Tongue                   Conjuration/Fire             1
   b - Throw Flame                    Conjuration/Fire             2
   c - Conjure Flame                  Conjuration/Fire             3
   d - Inner Flame                    Hexes/Fire                   3
   e - Sticky Flame                   Conjuration/Fire             4
   f - Fireball                       Conjuration/Fire             5
Comestibles
 c - 4 bread rations
 i - 2 meat rations


   Skills:
 - Level 1.5 Dodging
 - Level 1.1 Stealth
 * Level 2.4 Spellcasting
 + Level 1.8 Conjurations
 - Level 2.1 Fire Magic


You had 6 spell levels left.
You knew the following spells:

 Your Spells              Type           Power        Failure   Level  Hunger
a - Flame Tongue          Conj/Fire      #....        12%         1    ##.....


Dungeon Overview and Level Annotations

Branches:
Dungeon (2/15)

Altars:
Cheibriados


Innate Abilities, Weirdness & Mutations

You are too large for most types of armour.
You have claws for hands.
Your metabolism is lightning-fast.
You like to eat raw meat.
You heal very quickly.
You are covered in fur (AC +1).
You have very tough skin (AC +2).


Message History

You hit the iguana.
The iguana is heavily wounded.
The iguana bites you! The iguana bites you.
You hit the iguana but do no damage.
The iguana is heavily wounded.
The iguana barely misses you.
You closely miss the iguana.
The iguana is heavily wounded.
The iguana bites you.
* * * LOW HITPOINT WARNING * * *
You are too injured to fight recklessly!
Casting: Flame Tongue
Confirm with . or Enter, or press ? or * to list all spells.
Aiming: Flame Tongue
Press: ? - help, Shift-Dir - straight line, f - iguana
Aim: an iguana (heavily wounded)
You miscast Flame Tongue.
You are very lightly contaminated with residual magic.
Nothing appears to happen.
The iguana bites you!
You die...

#.#.##.####.....##..# #.
#.#.##.#####.<.###..# #.
#.#..#.....##.## #..# #)
##.#####.##.# #..# #.
##..#####.##.# #.## #####
#.#...#......# #.#####....
#..#..#...#### #.#......##
##..#.#...#######.#.###..##
##..##..l@................
##.#..#...........#.####...
#...#.#.....###...........#
#.#...#...#.###.....####..#
##.#.##.............####..#
##_#######.###............
### #.# #.#.......... #.#
#.###.####..# #.# #.#
#...##..#


You could see an iguana.

Vanquished Creatures
  Ijyb (D:2)
  An adder (D:2)
  2 oozes
  3 worms (D:2)
  2 giant geckos
  4 bats
  3 giant cockroaches (D:2)
  2 goblins
  5 hobgoblins
  A ball python (D:1)
  4 giant newts
  2 jackals (D:1)
  4 kobolds (D:1)
  6 rats
40 creatures vanquished.

Notes
Turn   | Place    | Note
--------------------------------------------------------------
     0 | D:1      | Stendarr the Troll Fire Elementalist began the quest for the Orb.
     0 | D:1      | Reached XP level 1. HP: 16/16 MP: 1/1
    69 | D:1      | Reached skill level 1 in Conjurations
    69 | D:1      | Reached XP level 2. HP: 24/24 MP: 1/3
   598 | D:2      | Reached XP level 3. HP: 19/31 MP: 4/4
   760 | D:2      | Noticed Ijyb
   767 | D:2      | Killed Ijyb
   915 | D:2      | Reached XP level 4. HP: 28/39 MP: 6/6
  1011 | D:2      | Found a snail-covered altar of Cheibriados.
  1310 | D:2      | Slain by an iguana

Action                   |  1- 3 |  4- 6 || total
-------------------------+-------+-------++-------
Melee: Unarmed           |    62 |       ||    62
       Hand axe          |    20 |    43 ||    63
 Cast: Flame Tongue      |     6 |       ||     6
 Stab: Sleeping          |     1 |     1 ||     2
  Eat: Chunk             |    14 |     4 ||    18
